 Dungeon Crawl Stone Soup version 0.25.1-2-g60ff931df9 (webtiles) character file.

Game seed: 1060981312053518403

1746 H0rd4k the Thaumaturge (level 8, 0/41 HPs)
             Began as a Deep Elf Wizard on Nov 16, 2020.
             Slain by Maggie
             ... wielding a +2 broad axe of flaming
              (8 damage)
             ... on level 7 of the Dungeon.
             The game lasted 00:15:08 (7630 turns).

H0rd4k the Thaumaturge (Deep Elf Wizard)            Turns: 7630, Time: 00:15:08

Health: 0/41       AC:  4    Str:  4    XL:     8   Next: 77%
Magic:  1/24       EV: 13    Int: 26    God:
Gold:   362        SH:  0    Dex: 13    Spells: 18/27 levels left

rFire    . . .     SeeInvis .   y - staff of poison
rCold    + . .     Gourm    .   (no shield)
rNeg     . . .     Faith    .   e - +2 robe {rC+}
rPois    +         Spirit   .   b - +0 hat
rElec    .         Reflect  .   (no cloak)
rCorr    .         Harm     .   (no gloves)
MR       .....                  (no boots)
Stlth    ++........             (no amulet)
HPRegen  0.13/turn              (no ring)
MPRegen  0.19/turn              (no ring)

@: mesmerised
A: no striking features
a: no special abilities


You were on level 7 of the Dungeon.
You were not hungry.

You visited 1 branch of the dungeon, and saw 7 of its levels.

You collected 362 gold pieces.

Inventory:

Hand Weapons
 i - a +2 dagger of draining
Missiles
 p - 10 poisoned darts (quivered)
Armour
 b - a +0 hat (worn)
 e - a +2 robe of cold resistance (worn)
Magical Staves
 y - an uncursed staff of poison (weapon)
Wands
 a - a wand of flame (11)
 u - a wand of iceblast (13)
Scrolls
 f - 2 scrolls of noise {unknown}
 g - 4 scrolls of teleportation {unknown}
 j - 2 scrolls of enchant weapon {unknown}
 k - 5 scrolls of identify {unknown}
 l - 3 scrolls of immolation {unknown}
 q - a scroll of blinking {unknown}
 r - a scroll of magic mapping {unknown}
 t - a scroll of random uselessness {unknown}
 w - a scroll of fog {unknown}
 z - a scroll of amnesia {unknown}
Potions
 c - a potion of flight {unknown}
 h - 2 potions of haste
 m - a potion of lignification {unknown}
 n - 2 potions of mutation {unknown}
 o - 3 potions of brilliance {unknown}
 s - 2 potions of heal wounds
 v - a potion of degeneration {unknown}
 x - 2 potions of might {unknown}
Comestibles
 d - 4 rations


   Skills:
 + Level 3.6 Dodging
 + Level 3.8 Stealth
 + Level 10.4 Spellcasting
 + Level 6.9 Conjurations
   Level 1.1 Summonings
 + Level 2.1 Translocations
 + Level 3.3 Fire Magic
 + Level 1.7 Air Magic
 + Level 2.0 Poison Magic


You had 18 spell levels left.
You knew the following spells:

 Your Spells              Type           Power        Failure   Level  Hunger
a - Magic Dart            Conj           ####         1%          1    None
b - Blink                 Tloc           N/A          2%          2    None
c - Conjure Flame         Conj/Fire      #####...     1%          3    None
d - Mephitic Cloud        Conj/Pois/Air  #####...     3%          3    None

Your spell library contained the following spells:

 Spells                   Type           Power        Failure   Level  Hunger
 Call Imp                 Summ           ###.....     4%          2    None
 Slow                     Hex            ##......     7%          2    None


Dungeon Overview and Level Annotations

Branches:
Dungeon (7/15)
 Temple: D:4-7

Altars:
Cheibriados
Fedhas
Trog
Vehumet

Shops:
D:5 ?

Annotations:
D:3 exclusion: upstairs
D:4 Grinder
D:5 exclusion: statue
D:7 Maggie


Message History

Aim: Maggie, wielding a +2 broad axe of flaming and wearing +0 steam dragon scales (heavily wounded, mesmerising)
The puff of flame misses Maggie.
Maggie hits you with a +2 broad axe of flaming!
Maggie burns you.
Evoke which item? (* to show all) (? for menu, Esc to quit)
Aiming: Throw Flame
Press: ? - help, Shift-Dir - straight line, f/p - Maggie
Aim: Maggie, wielding a +2 broad axe of flaming and wearing +0 steam dragon scales (heavily wounded, mesmerising)
The puff of flame hits Maggie.
Maggie is heavily wounded.
Evoke which item? (* to show all) (? for menu, Esc to quit)
Aiming: Throw Flame
Press: ? - help, Shift-Dir - straight line, f/p - Maggie
Aim: Maggie, wielding a +2 broad axe of flaming and wearing +0 steam dragon scales (heavily wounded, mesmerising)
The puff of flame hits Maggie.
Maggie is severely wounded.
Maggie hits you with a +2 broad axe of flaming!!
* * * LOW HITPOINT WARNING * * *
Maggie burns you!
You die...

##.......##
##...<.##
#.#.###
##^#.######
#.........#
#.........#
#.........#
#...<...@.#
#........@#
#.........#
#....$....#
#.........#
###########


You could see Maggie (mesmerising).

Vanquished Creatures
  Sigmund (D:3)
  A black bear (D:6)
  An orc warrior (D:6)
  A centaur (D:6)
  3 ogres
  2 bullfrogs
  A scorpion (D:5)
  2 crimson imps
  A bullfrog zombie (D:5)
  4 hounds
  2 orc priests
  Terence (D:3)
  A bullfrog skeleton (D:5)
  6 orc wizards
  Natasha (thrice) (D:3)
  12 gnolls
  11 adders
  An adder zombie (D:5)
  2 worms
  A dart slug (D:1)
  2 leopard geckos (D:5)
  26 orcs
  7 bats
  2 giant cockroaches
  6 goblins
  7 hobgoblins
  3 jackals
  5 quokkas
  10 frilled lizards
  3 kobolds
  2 quokka skeletons (D:5)
  7 rats
137 creatures vanquished.

Notes
Turn   | Place    | Note
-------+----------+-------------------------------------------
     0 | D:1      | H0rd4k the Deep Elf Wizard began the quest for the Orb.
     0 | D:1      | Reached XP level 1. HP: 10/10 MP: 7/7
   234 | D:2      | Found a snail-covered altar of Cheibriados.
   275 | D:2      | Reached skill level 5 in Spellcasting
   275 | D:2      | Reached XP level 2. HP: 9/15 MP: 2/10
   469 | D:2      | Reached XP level 3. HP: 19/19 MP: 6/11
   473 | D:2      | Learned a level 2 spell: Blink
   477 | D:2      | Learned a level 3 spell: Conjure Flame
   481 | D:2      | Learned a level 3 spell: Mephitic Cloud
  1385 | D:2      | Reached skill level 1 in Air Magic
  1385 | D:2      | Reached XP level 4. HP: 24/24 MP: 9/13
  1574 | D:3      | Noticed Natasha
  1582 | D:3      | Killed Natasha
  1582 | D:3      | Reached skill level 1 in Poison Magic
  1833 | D:3      | Noticed Natasha
  1839 | D:3      | Reached skill level 6 in Spellcasting
  1873 | D:3      | Noticed Sigmund
  2838 | D:3      | Reached skill level 1 in Fire Magic
  2887 | D:3      | Reached XP level 5. HP: 28/28 MP: 6/15
  3336 | D:3      | Killed Natasha
  3423 | D:3      | Killed Sigmund
  3423 | D:3      | Reached skill level 7 in Spellcasting
  3423 | D:3      | Reached XP level 6. HP: 28/32 MP: 12/18
  3683 | D:3      | Noticed Terence
  3696 | D:3      | Noticed Natasha
  3701 | D:3      | Killed Natasha
  3868 | D:3      | Killed Terence
  3919 | D:3      | Found a bloodstained altar of Trog.
  4296 | D:4      | Reached skill level 8 in Spellcasting
  4296 | D:4      | Reached XP level 7. HP: 36/36 MP: 5/20
  4425 | D:4      | Noticed Grinder
  5220 | D:5      | Entered Level 5 of the Dungeon
  5562 | D:5      | Found Gomemaoset's Magic Scroll Shoppe.
  5584 | D:5      | Reached skill level 5 in Conjurations
  5866 | D:5      | Reached skill level 9 in Spellcasting
  5984 | D:5      | Reached XP level 8. HP: 39/41 MP: 18/23
  6257 | D:5      | Found a radiant altar of Vehumet.
  6625 | D:6      | Reached skill level 10 in Spellcasting
  7302 | D:6      | Found a blossoming altar of Fedhas.
  7580 | D:7      | Noticed Maggie
  7630 | D:7      | Slain by Maggie

Illustrated notes

Levels and vault maps discovered:
D:1:      dpeg_arrival_long_road, layout_rooms
D:2:      layout_rooms, nicolae_overflow_crystal_walls, first_ration
D:3:      layout_basic, lightli_temple_of_fire, moated_statue, uniq_terence,
          uniq_sigmund, uniq_natasha
D:4:      layout_layer_cave, amethyst_overflow_temple_binary,
          minmay_temple_entry_junction, kennysheep_orc_chapel, uniq_grinder
D:5:      layout_rooms, vehumet_statue, serial_shops, kennysheep_little_box
D:6:      layout_cave_pools, lemuel_round_altar
D:7:      layout_rooms, tso_oasis_becter, kennysheep_mini_moat,
          lemuel_round_altar, minmay_three_doors, uniq_maggie

Skill      XL: |  1  2  3  4  5  6  7  8 |
---------------+-------------------------+-----
Spellcasting   | 5 6 7 8 9 10 | 10.4
Air Magic      | 1 |  1.7
Poison Magic   | 1 2 |  2.0
Stealth        | 3 |  3.8
Fire Magic     | 1 2 3 |  3.3
Conjurations   | 2 3 5 6 |  6.9
Dodging        | 3 |  3.6
Translocations | 2 |  2.1
Summonings     | |  1.1

Action                   |  1- 3 |  4- 6 |  7- 9 || total
-------------------------+-------+-------+-------++-------
Melee: Dagger            |       |     2 |       ||     2
 Cast: Magic Dart        |    83 |   187 |   261 ||   531
       Blink             |       |     2 |    10 ||    12
       Conjure Flame     |       |     6 |    11 ||    17
       Mephitic Cloud    |       |     7 |     8 ||    15
Evoke: Wand              |       |       |     3 ||     3
  Use: Potion            |       |     2 |       ||     2
  Eat: Chunk             |     1 |     9 |     8 ||    18
       Ration            |       |       |     1 ||     1
Armor: Robe              |     1 |     4 |    20 ||    25
Dodge: Dodged            |    12 |    32 |    56 ||   100
